Panthers vs Lightning
(R1)
Created - May 1, 2023 at 19:19
Goals
|
| Panthers |
1 |
2 |
3 |
6 |
| Lightning |
0 |
1 |
1 |
2 |
|
Shots
|
| Panthers |
9 |
13 |
12 |
34 |
| Lightning |
6 |
11 |
10 |
27 |
|
1st period
1. Panthers , Alexander Semin 17 (Josh Jooris 8, Daultan Leveillé 8) at 18:55
Penalties :
Jimmy Vesey (T.B) for Hooking (Minor) at 1:40, Niklas Hansson (Flo) for Roughing (Minor) at 6:02, Patrice Bergeron (T.B) for Interference (Minor) at 8:30, Brent Seabrook (T.B) for Tripping (Minor) at 12:45, Chris Bourque (Flo) for Interference (Minor) at 14:52, Kasperi Kapanen (T.B) for Roughing (Double Minor) at 19:00
2nd period
2. Panthers , Alex Goligoski 15 (Blake Geoffrion 4) at 0:09 (PP)
3. Lightning , Artemi Panarin 28 (Patrice Bergeron 12, Shayne Gostisbehere 22) at 1:02 (SH)
4. Panthers , Drew Stafford 3 (Niklas Hansson 11, Chris Bourque 26) at 13:44
Penalties :
Brian Flynn (Flo) for Hooking (Minor) at 3:04, Chris Bourque (Flo) for High sticking (Minor) at 6:02, Jerry D'Amigo (Flo) for Hooking (Minor) at 9:43
3rd period
5. Panthers , Blake Geoffrion 10 (Quinton Howden 10, Morgan Ellis 9) at 10:23
6. Panthers , Alexander Semin 18 (Alex Goligoski 41) at 12:33 (SH)
7. Lightning , Artemi Panarin 29 (Kasperi Kapanen 22, Brent Seabrook 30) at 12:47 (PP)
8. Panthers , Quinton Howden 5 (Kris Versteeg 28, Chris Bourque 27) at 17:37 (PP)
Penalties :
Brendan Lemieux (T.B) for Boarding (Minor) at 3:09, Evgeni Malkin (T.B) for Hooking (Minor) at 3:32, Alexander Semin (Flo) for High sticking (Minor) at 6:57, Blake Geoffrion (Flo) for Interference (Minor) at 11:48, Brock Boeser (T.B) for Interference (Minor) at 16:42, Kasperi Kapanen (T.B) for Boarding (Minor) at 18:18
Goalie Stats
Viktor Fasth (Flo), 25 saves from 27 shots - (0.926), W, 16-13-4, 60:00 minutes
Alex Nedeljkovic (T.B), 28 saves from 34 shots - (0.824), L, 29-19-5, 60:00 minutes
Players Stats for Panthers
Player Name G A P +/- PIM S H SB GA TA FO MP PP MP PK MP
------------------------------------------------------------------------------------
Alex Goligoski 1 1 2 0 0 5 0 3 0 0 0/0 29:01 9:29 5:35
Alexander Semin 2 0 2 2 2 4 1 0 0 0 0/0 12:42 0:11 4:41
Blake Geoffrion 1 1 2 1 2 1 2 0 0 0 0/0 17:00 7:10 1:24
Brian Flynn 0 0 0 1 2 0 2 0 0 0 10/23 16:03 0:00 5:52
Cameron Gaunce 0 0 0 0 0 2 1 1 0 0 0/0 17:33 4:34 0:33
Chris Bourque 0 2 2 0 4 2 2 2 0 0 0/0 18:42 6:42 0:00
Daultan Leveillé 0 1 1 2 0 1 1 0 0 0 10/15 13:35 0:00 6:10
Drew Stafford 1 0 1 1 0 1 1 0 0 0 0/0 17:20 7:13 0:00
Jerry D'Amigo 0 0 0 0 2 0 0 0 0 0 0/0 6:19 0:08 0:00
Josh Jooris 0 1 1 1 0 2 0 0 0 0 0/0 6:23 0:00 0:00
Kris Versteeg 0 1 1 0 0 2 1 3 0 0 0/0 22:15 6:42 6:23
Miro Aaltonen 0 0 0 1 0 5 0 0 1 0 6/19 16:21 7:13 1:16
Morgan Ellis 0 1 1 2 0 0 2 0 0 0 0/0 16:06 0:00 7:49
Niklas Hansson 0 1 1 2 2 2 0 0 0 0 0/0 14:43 0:00 6:32
Quinton Howden 1 1 2 -1 0 4 0 0 0 0 6/11 13:51 6:42 0:00
Shea Weber 0 0 0 2 0 2 0 1 0 0 0/0 23:05 4:34 5:17
Thomas Vanek 0 0 0 0 0 1 0 1 0 0 0/0 6:06 0:08 0:00
Will Butcher 0 0 0 0 0 0 1 2 2 1 0/0 19:55 9:29 0:00
Players Stats for Lightning
Player Name G A P +/- PIM S H SB GA TA FO MP PP MP PK MP
------------------------------------------------------------------------------------
Alex Killorn 0 0 0 -1 0 1 0 0 0 0 1/1 6:42 0:00 0:52
Antoine Vermette 0 0 0 -1 0 1 0 1 0 0 3/5 8:35 0:00 1:40
Artemi Panarin 2 0 2 -1 0 7 2 0 0 0 0/1 21:55 7:05 3:54
Ben Smith 0 0 0 0 0 2 1 0 1 0 0/0 16:59 0:00 7:19
Brendan Lemieux 0 0 0 -1 2 2 5 1 0 0 2/2 15:41 5:48 1:32
Brent Seabrook 0 1 1 -2 2 1 1 6 0 0 0/0 30:27 7:35 6:57
Brock Boeser 0 0 0 -1 2 1 1 1 0 0 0/1 12:25 5:48 0:00
Evgeni Malkin 0 0 0 -2 2 3 1 0 0 0 21/41 26:16 6:54 7:10
Jesper Fast 0 0 0 -1 0 0 1 0 0 0 0/0 5:34 0:00 0:00
Jimmy Vesey 0 0 0 0 2 1 0 0 0 1 0/0 7:09 0:11 0:00
Jiri Fischer 0 0 0 -1 0 1 0 0 0 0 0/0 7:16 0:00 0:00
John Carlson 0 0 0 -2 0 3 2 1 0 0 0/0 32:05 7:35 8:42
Kasperi Kapanen 0 1 1 -2 6 0 1 0 0 0 0/0 17:59 7:05 0:00
Michael Kostka 0 0 0 0 0 0 1 0 0 0 0/0 15:42 0:00 5:21
Patrice Bergeron 0 1 1 1 2 1 1 0 0 0 6/8 10:57 0:00 4:02
Shayne Gostisbehere 0 1 1 0 0 2 0 0 0 1 0/0 21:42 5:18 6:24
Victor Hedman 0 0 0 -1 0 0 1 0 0 0 0/0 12:55 5:18 0:42
Yanni Gourde 0 0 0 -1 0 1 3 0 0 1 3/9 13:54 5:48 0:00
3 Stars
1 - Alexander Semin (Flo)
2 - Alex Goligoski (Flo)
3 - Blake Geoffrion (Flo)
Power Play
Panthers - 2 on 9 Attempt(s) - 22.22%
Lightning - 1 on 7 Attempt(s) - 14.29%
Penalty Kill
Panthers - 6 on 7 Attempt(s) - 85.71%
- Score 1 goal in Penalty Kill
Lightning - 7 on 9 Attempt(s) - 77.78%
- Score 1 goal in Penalty Kill
Team Stat
Panthers - Hits : 14 - Faceoff Wins : 32 - Blocked Shots : 13 - Penalty Minutes : 14
Lightning - Hits : 21 - Faceoff Wins : 36 - Blocked Shots : 10 - Penalty Minutes : 18
Official
Referees : TJ Luxmore and Brandon Schrader
Linesman : Mark Shewchyk and Scott Cherrey
Game Notes
18:55 of 1st period - Panthers goal is going for a video replay. After video review, Goal.
Finance
Level 1 -- Attendance: 5794 (96.57%) -- Ticket Income $579,400
Level 2 -- Attendance: 4928 (98.56%) -- Ticket Income $295,680
Level 3 -- Attendance: 1875 (93.75%) -- Ticket Income $65,625
Level 4 -- Attendance: 3748 (93.70%) -- Ticket Income $93,700
Luxury Box -- Attendance: 921 (92.10%) -- Ticket Income $184,200
Game was played at the Amalie Arena.
Total Attendance: 17266 (95.92%)
Total Ticket Income: $1,218,605
Other Income: $182,791
Total Income: $1,401,396
Panthers
5 vs 5 Forward
Center Left Wing Right Wing Time % Phy DF OF
1 Brian Flynn Chris Bourque Drew Stafford 40 1 2 2
2 Miro Aaltonen Blake Geoffrion Kris Versteeg 30 1 2 2
3 Daultan Leveillé Alexander Semin Josh Jooris 20 1 2 2
4 Quinton Howden Thomas Vanek Jerry D'Amigo 10 1 2 2
5 vs 5 Defense
Defense Defense Time % Phy DF OF
1 Alex Goligoski Cameron Gaunce 40 1 2 2
2 Will Butcher Shea Weber 30 1 2 2
3 Niklas Hansson Morgan Ellis 20 1 2 2
4 Alex Goligoski Will Butcher 10 1 2 2
PowerPlay Forward
Center Left Wing Right Wing Time % Phy DF OF
1 Miro Aaltonen Blake Geoffrion Drew Stafford 60 1 2 2
2 Quinton Howden Chris Bourque Kris Versteeg 40 1 2 2
PowerPlay Defense
Defense Defense Time % Phy DF OF
1 Alex Goligoski Will Butcher 60 1 2 2
2 Shea Weber Cameron Gaunce 40 1 2 2
Penalty Kill 4 Players Forward
Center Wing Time % Phy DF OF
1 Brian Flynn Kris Versteeg 60 1 2 2
2 Daultan Leveillé Alexander Semin 40 1 2 2
Penalty Kill 4 Players Defense
Defense Defense Time % Phy DF OF
1 Niklas Hansson Morgan Ellis 60 1 2 2
2 Alex Goligoski Shea Weber 40 1 2 2
Penalty Kill - 3 Players Forward
Forward Time % Phy DF OF
1 Brian Flynn 60 1 2 2
2 Kris Versteeg 40 1 2 2
Penalty Kill - 3 Players Defense
Defense Defense Time % Phy DF OF
1 Niklas Hansson Morgan Ellis 60 1 2 2
2 Alex Goligoski Shea Weber 40 1 2 2
4 vs 4 Forward
Center Wing Time % Phy DF OF
1 Miro Aaltonen Kris Versteeg 60 1 2 2
2 Brian Flynn Blake Geoffrion 40 1 2 2
4 vs 4 Defense
Defense Defense Time % Phy DF OF
1 Alex Goligoski Cameron Gaunce 60 1 2 2
2 Shea Weber Will Butcher 40 1 2 2
Last Minutes Offensive
Center Left Wing Right Wing Defense Defense
Miro Aaltonen Blake Geoffrion Drew Stafford Alex Goligoski Will Butcher
Last Minutes Defensive
Center Left Wing Right Wing Defense Defense
Brian Flynn Alexander Semin Kris Versteeg Niklas Hansson Morgan Ellis
Goaltenders
Starting : Viktor Fasth
Backup : Ville Husso
Extra Forwards
Normal : Blake Geoffrion, Thomas Vanek, Miro Aaltonen - PP : Alexander Semin, Thomas Vanek - PK : Daultan Leveillé
Extra Defensemen
Normal : Will Butcher, Alex Goligoski, Shea Weber - PP : Will Butcher - PK : Shea Weber, Niklas Hansson
Penalty Shots
Alexander Semin, Kris Versteeg, Brian Flynn, Miro Aaltonen, Blake Geoffrion
Scratches
Alex Iafallo (Broken Nose Injury), Bryce Lampman (Healthy), Dave Bolland (Healthy)
Lightning
5 vs 5 Forward
Center Left Wing Right Wing Time % Phy DF OF
1 Evgeni Malkin Artemi Panarin Kasperi Kapanen 40 1 2 2
2 Yanni Gourde Brendan Lemieux Ben Smith 30 1 2 2
3 Patrice Bergeron Jimmy Vesey Brock Boeser 20 1 2 2
4 Antoine Vermette Alex Killorn Jesper Fast 10 1 2 2
5 vs 5 Defense
Defense Defense Time % Phy DF OF
1 John Carlson Brent Seabrook 40 1 2 2
2 Michael Kostka Shayne Gostisbehere 30 1 2 2
3 Victor Hedman Jiri Fischer 20 1 2 2
4 John Carlson Brent Seabrook 10 1 2 2
PowerPlay Forward
Center Left Wing Right Wing Time % Phy DF OF
1 Evgeni Malkin Artemi Panarin Kasperi Kapanen 60 1 2 2
2 Yanni Gourde Brendan Lemieux Brock Boeser 40 1 2 2
PowerPlay Defense
Defense Defense Time % Phy DF OF
1 John Carlson Brent Seabrook 60 1 2 2
2 Victor Hedman Shayne Gostisbehere 40 1 2 2
Penalty Kill 4 Players Forward
Center Wing Time % Phy DF OF
1 Evgeni Malkin Ben Smith 60 1 2 2
2 Patrice Bergeron Artemi Panarin 40 1 2 2
Penalty Kill 4 Players Defense
Defense Defense Time % Phy DF OF
1 John Carlson Brent Seabrook 60 1 2 2
2 Michael Kostka Shayne Gostisbehere 40 1 2 2
Penalty Kill - 3 Players Forward
Forward Time % Phy DF OF
1 Evgeni Malkin 60 1 2 2
2 Patrice Bergeron 40 1 2 2
Penalty Kill - 3 Players Defense
Defense Defense Time % Phy DF OF
1 John Carlson Brent Seabrook 60 1 2 2
2 Michael Kostka Shayne Gostisbehere 40 1 2 2
4 vs 4 Forward
Center Wing Time % Phy DF OF
1 Evgeni Malkin Artemi Panarin 60 1 2 2
2 Patrice Bergeron Ben Smith 40 1 2 2
4 vs 4 Defense
Defense Defense Time % Phy DF OF
1 John Carlson Brent Seabrook 60 1 2 2
2 Michael Kostka Shayne Gostisbehere 40 1 2 2
Last Minutes Offensive
Center Left Wing Right Wing Defense Defense
Evgeni Malkin Artemi Panarin Kasperi Kapanen John Carlson Shayne Gostisbehere
Last Minutes Defensive
Center Left Wing Right Wing Defense Defense
Evgeni Malkin Artemi Panarin Ben Smith John Carlson Brent Seabrook
Goaltenders
Starting : Alex Nedeljkovic
Backup : Jimmy Howard
Extra Forwards
Normal : Brock Boeser, Kasperi Kapanen, Jimmy Vesey - PP : Jimmy Vesey, Kasperi Kapanen - PK : Brendan Lemieux
Extra Defensemen
Normal : Shayne Gostisbehere, Victor Hedman, Jiri Fischer - PP : Shayne Gostisbehere - PK : Shayne Gostisbehere, Victor Hedman
Penalty Shots
Evgeni Malkin, Patrice Bergeron, Artemi Panarin, Yanni Gourde, Kasperi Kapanen
Scratches
Jonathan Sigalet (Strained Right Knee Injury), Scott Mayfield (Healthy)
% Time on Ice - Panthers
Lines # - Real PCT - Wanted PCT - Time Play
Normal Forward
1 - 35% - 40% - 11:34
2 - 29% - 30% - 9:40
3 - 19% - 20% - 6:23
4 - 16% - 10% - 5:27
Normal Defense
1 - 36% - 40% - 11:56
2 - 39% - 30% - 12:45
3 - 24% - 20% - 7:48
4 - 2% - 10% - 0:35
PP Forward
1 - 52% - 60% - 7:21
2 - 48% - 40% - 6:42
PP Defense
1 - 67% - 60% - 9:29
2 - 33% - 40% - 4:34
PK Forward
1 - 69% - 60% - 8:50
2 - 31% - 40% - 4:03
PK Defense
1 - 65% - 60% - 8:22
2 - 35% - 40% - 4:31
PK3 Forward
1 - 0% - 60%
2 - 0% - 40%
PK3 Defense
1 - 0% - 60%
2 - 0% - 40%
44 Forward
1 - 0% - 60%
2 - 0% - 40%
44 Defense
1 - 0% - 60%
2 - 0% - 40%
Last Minute Offensive - 0:00
Last Minute Defensive - 0:00
Total
Forward - 60:00
Defense - 60:00
|
% Time on Ice - Lightning
Lines # - Real PCT - Wanted PCT - Time Play
Normal Forward
1 - 38% - 40% - 12:28
2 - 25% - 30% - 8:19
3 - 20% - 20% - 6:43
4 - 17% - 10% - 5:34
Normal Defense
1 - 48% - 40% - 15:48
2 - 33% - 30% - 10:45
3 - 20% - 20% - 6:31
4 - 0% - 10% - 0:00
PP Forward
1 - 55% - 60% - 7:05
2 - 45% - 40% - 5:48
PP Defense
1 - 59% - 60% - 7:35
2 - 41% - 40% - 5:18
PK Forward
1 - 69% - 60% - 8:33
2 - 31% - 40% - 3:54
PK Defense
1 - 61% - 60% - 7:34
2 - 39% - 40% - 4:53
PK3 Forward
1 - 100% - 60% - 1:36
2 - 0% - 40% - 0:00
PK3 Defense
1 - 71% - 60% - 1:08
2 - 29% - 40% - 0:28
44 Forward
1 - 0% - 60%
2 - 0% - 40%
44 Defense
1 - 0% - 60%
2 - 0% - 40%
Last Minute Offensive - 0:00
Last Minute Defensive - 0:00
Total
Forward - 60:00
Defense - 60:00
|
Play-by-Play
1st period
0:01 of 1st period - Brian Flynn wins face-off versus Evgeni Malkin in neutral zone.
0:43 of 1st period - Slapshot by Artemi Panarin.
0:43 of 1st period - Stopped by Viktor Fasth with a rebound.
0:55 of 1st period - Snap shot by Kris Versteeg.
0:55 of 1st period - Shot Blocked by Brent Seabrook.
0:57 of 1st period - Wrist shot by Cameron Gaunce.
0:57 of 1st period - Stopped by Alex Nedeljkovic without a rebound.
0:58 of 1st period - Quinton Howden wins face-off versus Yanni Gourde in Lightning zone.
0:59 of 1st period - Snap shot by Thomas Vanek.
0:59 of 1st period - Shot Blocked by Brendan Lemieux.
1:40 of 1st period - Minor Penalty to Jimmy Vesey for Hooking.
1:41 of 1st period - Evgeni Malkin wins face-off versus Miro Aaltonen in Lightning zone.
2:06 of 1st period - Alex Goligoski is hit by Artemi Panarin and loses puck.
2:13 of 1st period - Snap shot by Chris Bourque.
2:13 of 1st period - Shot Misses the Net.
3:40 of 1st period - Penalty to Jimmy Vesey is over, Jimmy Vesey is back on ice.
5:32 of 1st period - Quinton Howden is hit by Yanni Gourde and loses puck.
5:47 of 1st period - Jiri Fischer is hit by Chris Bourque and loses puck.
6:02 of 1st period - Minor Penalty to Niklas Hansson for Roughing.
6:03 of 1st period - Evgeni Malkin wins face-off versus Brian Flynn in Panthers zone.
6:12 of 1st period - Snap shot by Evgeni Malkin.
6:12 of 1st period - Stopped by Viktor Fasth with a rebound.
6:14 of 1st period - Slapshot by Brent Seabrook.
6:14 of 1st period - Stopped by Viktor Fasth with a rebound.
6:16 of 1st period - Slapshot by Brent Seabrook.
6:16 of 1st period - Shot Misses the Net.
6:18 of 1st period - Slapshot by John Carlson.
6:18 of 1st period - Stopped by Viktor Fasth with a rebound.
6:40 of 1st period - Alex Goligoski is hit by Brendan Lemieux and loses puck.
7:53 of 1st period - John Carlson is hit by Morgan Ellis and loses puck.
8:00 of 1st period - Miro Aaltonen is hit by Yanni Gourde and loses puck.
8:02 of 1st period - Penalty to Niklas Hansson is over, Niklas Hansson is back on ice.
8:16 of 1st period - Blake Geoffrion is hit by John Carlson and loses puck.
8:21 of 1st period - Snap shot by Jesper Fast.
8:21 of 1st period - Shot Hit the Post.
8:30 of 1st period - Minor Penalty to Patrice Bergeron for Interference.
8:31 of 1st period - Evgeni Malkin wins face-off versus Quinton Howden in Lightning zone.
8:39 of 1st period - Slapshot by Alex Goligoski.
8:39 of 1st period - Deflect By Kris Versteeg.
8:39 of 1st period - Stopped by Alex Nedeljkovic with a rebound.
8:41 of 1st period - Slapshot by Alex Goligoski.
8:41 of 1st period - Shot Misses the Net.
9:07 of 1st period - John Carlson is hit by Drew Stafford and loses puck.
9:18 of 1st period - Alex Goligoski is hit by Artemi Panarin and loses puck.
10:30 of 1st period - Penalty to Patrice Bergeron is over, Patrice Bergeron is back on ice.
10:41 of 1st period - Wrist shot by Brock Boeser.
10:41 of 1st period - Shot Blocked by Alex Goligoski.
10:43 of 1st period - Snap shot by Jiri Fischer.
10:43 of 1st period - Stopped by Viktor Fasth with a rebound.
10:45 of 1st period - Slapshot by Victor Hedman.
10:45 of 1st period - Deflect By Brock Boeser.
10:45 of 1st period - Shot Blocked by Thomas Vanek.
10:45 of 1st period - Puck is out of play.
10:46 of 1st period - Yanni Gourde wins face-off versus Daultan Leveillé in Panthers zone.
10:47 of 1st period - Snap shot by Brendan Lemieux.
10:47 of 1st period - Shot Misses the Net.
11:27 of 1st period - Off-side.
11:28 of 1st period - Miro Aaltonen wins face-off versus Evgeni Malkin in neutral zone.
11:31 of 1st period - Slapshot by Alex Goligoski.
11:31 of 1st period - Stopped by Alex Nedeljkovic with a rebound.
11:39 of 1st period - Wrist shot by Artemi Panarin.
11:39 of 1st period - Shot Misses the Net.
11:43 of 1st period - Slapshot by Kasperi Kapanen.
11:43 of 1st period - Shot Blocked by Alex Goligoski.
11:45 of 1st period - Snap shot by Evgeni Malkin.
11:45 of 1st period - Shot Blocked by Alex Goligoski.
11:47 of 1st period - Slapshot by Brent Seabrook.
11:47 of 1st period - Shot Blocked by Kris Versteeg.
11:51 of 1st period - Wrist shot by Evgeni Malkin.
11:51 of 1st period - Shot Misses the Net.
12:22 of 1st period - Off-side.
12:23 of 1st period - Yanni Gourde wins face-off versus Brian Flynn in neutral zone.
12:28 of 1st period - Wrist shot by Brendan Lemieux.
12:28 of 1st period - Shot Blocked by Chris Bourque.
12:34 of 1st period - Brendan Lemieux is hit by Will Butcher and loses puck.
12:45 of 1st period - Minor Penalty to Brent Seabrook for Tripping.
12:46 of 1st period - Quinton Howden wins face-off versus Evgeni Malkin in Lightning zone.
13:19 of 1st period - Snap shot by Blake Geoffrion.
13:19 of 1st period - Shot Misses the Net.
13:21 of 1st period - Snap shot by Miro Aaltonen.
13:21 of 1st period - Stopped by Alex Nedeljkovic without a rebound.
13:22 of 1st period - Miro Aaltonen wins face-off versus Patrice Bergeron in Lightning zone.
13:23 of 1st period - Slapshot by Will Butcher.
13:23 of 1st period - Deflect By Blake Geoffrion.
13:23 of 1st period - Shot Misses the Net.
13:23 of 1st period - Puck is out of play.
13:24 of 1st period - Patrice Bergeron wins face-off versus Miro Aaltonen in Lightning zone.
14:00 of 1st period - Snap shot by Chris Bourque.
14:00 of 1st period - Stopped by Alex Nedeljkovic with a rebound.
14:30 of 1st period - Snap shot by Evgeni Malkin.
14:30 of 1st period - Stopped by Viktor Fasth without a rebound.
14:31 of 1st period - Miro Aaltonen wins face-off versus Patrice Bergeron in Panthers zone.
14:45 of 1st period - Penalty to Brent Seabrook is over, Brent Seabrook is back on ice.
14:52 of 1st period - Minor Penalty to Chris Bourque for Interference.
14:53 of 1st period - Evgeni Malkin wins face-off versus Brian Flynn in Panthers zone.
15:09 of 1st period - Snap shot by Brian Flynn.
15:09 of 1st period - Shot Misses the Net.
15:19 of 1st period - Artemi Panarin is hit by Alexander Semin and loses puck.
15:25 of 1st period - Off-side.
15:26 of 1st period - Daultan Leveillé wins face-off versus Yanni Gourde in neutral zone.
16:14 of 1st period - Brent Seabrook is hit by Kris Versteeg and loses puck.
16:52 of 1st period - Penalty to Chris Bourque is over, Chris Bourque is back on ice.
17:27 of 1st period - Alex Goligoski is hit by Brock Boeser and loses puck.
18:43 of 1st period - Icing by Alexander Semin.
18:44 of 1st period - Daultan Leveillé wins face-off versus Evgeni Malkin in Panthers zone.
18:51 of 1st period - Wrist shot by Daultan Leveillé.
18:51 of 1st period - Shot Blocked by John Carlson.
18:53 of 1st period - Slapshot by Josh Jooris.
18:53 of 1st period - Stopped by Alex Nedeljkovic with a rebound.
18:55 of 1st period - Wrist shot by Alexander Semin.
18:55 of 1st period - Panthers goal is going for a video replay.
18:55 of 1st period - The goal is good.
18:55 of 1st period - Goal by Alexander Semin - Panthers : 1 - Lightning : 0.
18:56 of 1st period - Brian Flynn wins face-off versus Evgeni Malkin in neutral zone.
19:00 of 1st period - Double Minor Penalty to Kasperi Kapanen for Roughing.
19:01 of 1st period - Evgeni Malkin wins face-off versus Miro Aaltonen in Lightning zone.
19:15 of 1st period - Snap shot by Drew Stafford.
19:15 of 1st period - Shot Blocked by Brent Seabrook.
19:17 of 1st period - Snap shot by Miro Aaltonen.
19:17 of 1st period - Stopped by Alex Nedeljkovic without a rebound.
19:18 of 1st period - Quinton Howden wins face-off versus Evgeni Malkin in Lightning zone.
19:34 of 1st period - Slapshot by Chris Bourque.
19:34 of 1st period - Stopped by Alex Nedeljkovic without a rebound.
19:35 of 1st period - Evgeni Malkin wins face-off versus Miro Aaltonen in Lightning zone.
Goals for this period are 1 for Panthers vs 0 for Lightning.
Shots for this period are 9 for Panthers vs 6 for Lightning.
2nd period
0:01 of 2nd period - Evgeni Malkin wins face-off versus Miro Aaltonen in neutral zone.
0:09 of 2nd period - Slapshot by Alex Goligoski.
0:09 of 2nd period - Goal by Alex Goligoski - Panthers : 2 - Lightning : 0.
0:10 of 2nd period - Miro Aaltonen wins face-off versus Evgeni Malkin in neutral zone.
0:17 of 2nd period - Snap shot by Miro Aaltonen.
0:17 of 2nd period - Stopped by Alex Nedeljkovic without a rebound.
0:18 of 2nd period - Miro Aaltonen wins face-off versus Evgeni Malkin in Lightning zone.
1:00 of 2nd period - Slapshot by Artemi Panarin.
1:00 of 2nd period - Shot Blocked by Chris Bourque.
1:02 of 2nd period - Snap shot by Artemi Panarin.
1:02 of 2nd period - Goal by Artemi Panarin - Panthers : 2 - Lightning : 1.
1:03 of 2nd period - Evgeni Malkin wins face-off versus Miro Aaltonen in neutral zone.
1:22 of 2nd period - Snap shot by Artemi Panarin.
1:22 of 2nd period - Stopped by Viktor Fasth without a rebound.
1:23 of 2nd period - Patrice Bergeron wins face-off versus Quinton Howden in Panthers zone.
1:27 of 2nd period - Icing by Alex Goligoski.
1:28 of 2nd period - Quinton Howden wins face-off versus Evgeni Malkin in Panthers zone.
2:09 of 2nd period - Penalty to Kasperi Kapanen is over, Kasperi Kapanen is back on ice.
2:21 of 2nd period - Snap shot by Quinton Howden.
2:21 of 2nd period - Stopped by Alex Nedeljkovic without a rebound.
2:22 of 2nd period - Daultan Leveillé wins face-off versus Yanni Gourde in Lightning zone.
3:04 of 2nd period - Minor Penalty to Brian Flynn for Hooking.
3:05 of 2nd period - Evgeni Malkin wins face-off versus Daultan Leveillé in Panthers zone.
3:32 of 2nd period - Shea Weber is hit by Yanni Gourde.
4:05 of 2nd period - Icing by Artemi Panarin.
4:06 of 2nd period - Miro Aaltonen wins face-off versus Evgeni Malkin in Lightning zone.
5:04 of 2nd period - Penalty to Brian Flynn is over, Brian Flynn is back on ice.
5:42 of 2nd period - Snap shot by Alex Goligoski.
5:42 of 2nd period - Stopped by Alex Nedeljkovic without a rebound.
5:43 of 2nd period - Brian Flynn wins face-off versus Antoine Vermette in Lightning zone.
6:02 of 2nd period - Minor Penalty to Chris Bourque for High sticking.
6:03 of 2nd period - Evgeni Malkin wins face-off versus Brian Flynn in Panthers zone.
6:14 of 2nd period - Slapshot by John Carlson.
6:14 of 2nd period - Deflect By Artemi Panarin.
6:14 of 2nd period - Stopped by Viktor Fasth with a rebound.
6:16 of 2nd period - Snap shot by Artemi Panarin.
6:16 of 2nd period - Shot Misses the Net.
6:18 of 2nd period - Wrist shot by Artemi Panarin.
6:18 of 2nd period - Shot Misses the Net.
6:56 of 2nd period - Kasperi Kapanen is hit by Brian Flynn and loses puck.
8:02 of 2nd period - Penalty to Chris Bourque is over, Chris Bourque is back on ice.
8:36 of 2nd period - Snap shot by Jerry D'Amigo.
8:36 of 2nd period - Shot Blocked by Brent Seabrook.
8:47 of 2nd period - Morgan Ellis is hit by John Carlson and loses puck.
9:27 of 2nd period - Icing by Kasperi Kapanen.
9:28 of 2nd period - Quinton Howden wins face-off versus Evgeni Malkin in Lightning zone.
9:43 of 2nd period - Minor Penalty to Jerry D'Amigo for Hooking.
9:44 of 2nd period - Evgeni Malkin wins face-off versus Brian Flynn in Panthers zone.
9:45 of 2nd period - Slapshot by Artemi Panarin.
9:45 of 2nd period - Stopped by Viktor Fasth with a rebound.
9:52 of 2nd period - Icing by Artemi Panarin.
9:53 of 2nd period - Daultan Leveillé wins face-off versus Evgeni Malkin in Lightning zone.
9:58 of 2nd period - Snap shot by Alexander Semin.
9:58 of 2nd period - Stopped by Alex Nedeljkovic without a rebound.
9:59 of 2nd period - Daultan Leveillé wins face-off versus Evgeni Malkin in Lightning zone.
10:31 of 2nd period - Slapshot by John Carlson.
10:31 of 2nd period - Stopped by Viktor Fasth with a rebound.
11:43 of 2nd period - Penalty to Jerry D'Amigo is over, Jerry D'Amigo is back on ice.
11:46 of 2nd period - Slapshot by Shea Weber.
11:46 of 2nd period - Stopped by Alex Nedeljkovic with a rebound.
11:52 of 2nd period - Alexander Semin is hit by Jesper Fast.
11:56 of 2nd period - Snap shot by Alex Goligoski.
11:56 of 2nd period - Stopped by Alex Nedeljkovic without a rebound.
11:57 of 2nd period - Antoine Vermette wins face-off versus Quinton Howden in Lightning zone.
12:04 of 2nd period - Wrist shot by Thomas Vanek.
12:04 of 2nd period - Deflect By Quinton Howden.
12:04 of 2nd period - Stopped by Alex Nedeljkovic without a rebound.
12:05 of 2nd period - Quinton Howden wins face-off versus Antoine Vermette in Lightning zone.
12:30 of 2nd period - Evgeni Malkin is hit by Brian Flynn and loses puck.
13:01 of 2nd period - Snap shot by Miro Aaltonen.
13:01 of 2nd period - Shot Misses the Net.
13:07 of 2nd period - Shea Weber is hit by Brendan Lemieux and loses puck.
13:26 of 2nd period - Wrist shot by Jimmy Vesey.
13:26 of 2nd period - Shot Blocked by Will Butcher.
13:28 of 2nd period - Slapshot by Shayne Gostisbehere.
13:28 of 2nd period - Stopped by Viktor Fasth without a rebound.
13:29 of 2nd period - Brian Flynn wins face-off versus Evgeni Malkin in Panthers zone.
13:42 of 2nd period - Slapshot by Niklas Hansson.
13:42 of 2nd period - Deflect By Evgeni Malkin.
13:42 of 2nd period - Stopped by Alex Nedeljkovic with a rebound.
13:44 of 2nd period - Wrist shot by Drew Stafford.
13:44 of 2nd period - Goal by Drew Stafford - Panthers : 3 - Lightning : 1.
13:45 of 2nd period - Brian Flynn wins face-off versus Evgeni Malkin in neutral zone.
14:19 of 2nd period - Snap shot by Ben Smith.
14:19 of 2nd period - Stopped by Viktor Fasth with a rebound.
14:21 of 2nd period - Slapshot by Brendan Lemieux.
14:21 of 2nd period - Shot Misses the Net.
15:24 of 2nd period - Chris Bourque is hit by Brendan Lemieux and loses puck.
16:05 of 2nd period - Patrice Bergeron is hit by Blake Geoffrion and loses puck.
16:20 of 2nd period - Slapshot by John Carlson.
16:20 of 2nd period - Shot Blocked by Will Butcher.
16:22 of 2nd period - Slapshot by John Carlson.
16:22 of 2nd period - Stopped by Viktor Fasth without a rebound.
16:23 of 2nd period - Evgeni Malkin wins face-off versus Quinton Howden in Panthers zone.
16:34 of 2nd period - Wrist shot by Thomas Vanek.
16:34 of 2nd period - Stopped by Alex Nedeljkovic with a rebound.
16:36 of 2nd period - Wrist shot by Thomas Vanek.
16:36 of 2nd period - Shot Misses the Net.
16:56 of 2nd period - Snap shot by Quinton Howden.
16:56 of 2nd period - Stopped by Alex Nedeljkovic with a rebound.
16:58 of 2nd period - Snap shot by Niklas Hansson.
16:58 of 2nd period - Stopped by Alex Nedeljkovic without a rebound.
16:59 of 2nd period - Brendan Lemieux wins face-off versus Brian Flynn in Lightning zone.
17:04 of 2nd period - Cameron Gaunce is hit by Brendan Lemieux and loses puck.
17:11 of 2nd period - John Carlson is hit by Cameron Gaunce and loses puck.
17:26 of 2nd period - Brent Seabrook is hit by Blake Geoffrion and loses puck.
17:47 of 2nd period - Will Butcher is hit by Victor Hedman and loses puck.
17:58 of 2nd period - Slapshot by Shayne Gostisbehere.
17:58 of 2nd period - Stopped by Viktor Fasth with a rebound.
18:31 of 2nd period - John Carlson is hit by Chris Bourque and loses puck.
18:54 of 2nd period - Snap shot by Jesper Fast.
18:54 of 2nd period - Shot Misses the Net.
19:02 of 2nd period - Alex Killorn is hit by Morgan Ellis and loses puck.
19:17 of 2nd period - Wrist shot by Brock Boeser.
19:17 of 2nd period - Deflect By Patrice Bergeron.
19:17 of 2nd period - Stopped by Viktor Fasth without a rebound.
19:18 of 2nd period - Patrice Bergeron wins face-off versus Brian Flynn in Panthers zone.
19:25 of 2nd period - Wrist shot by Brock Boeser.
19:25 of 2nd period - Stopped by Viktor Fasth with a rebound.
Goals for this period are 2 for Panthers vs 1 for Lightning.
Shots for this period are 13 for Panthers vs 11 for Lightning.
3rd period
0:01 of 3rd period - Evgeni Malkin wins face-off versus Brian Flynn in neutral zone.
0:57 of 3rd period - Snap shot by Patrice Bergeron.
0:57 of 3rd period - Shot Misses the Net.
2:19 of 3rd period - Snap shot by Alexander Semin.
2:19 of 3rd period - Stopped by Alex Nedeljkovic without a rebound.
2:20 of 3rd period - Brian Flynn wins face-off versus Evgeni Malkin in Lightning zone.
2:25 of 3rd period - Wrist shot by Artemi Panarin.
2:25 of 3rd period - Stopped by Viktor Fasth without a rebound.
2:26 of 3rd period - Evgeni Malkin wins face-off versus Brian Flynn in Panthers zone.
3:00 of 3rd period - Will Butcher is hit by Ben Smith and loses puck.
3:09 of 3rd period - Minor Penalty to Brendan Lemieux for Boarding.
3:10 of 3rd period - Evgeni Malkin wins face-off versus Miro Aaltonen in Lightning zone.
3:32 of 3rd period - Minor Penalty to Evgeni Malkin for Hooking.
3:33 of 3rd period - Antoine Vermette wins face-off versus Miro Aaltonen in Lightning zone.
3:42 of 3rd period - Wrist shot by Antoine Vermette.
3:42 of 3rd period - Stopped by Viktor Fasth without a rebound.
3:43 of 3rd period - Antoine Vermette wins face-off versus Miro Aaltonen in Panthers zone.
4:10 of 3rd period - Snap shot by Will Butcher.
4:10 of 3rd period - Shot Blocked by Antoine Vermette.
4:12 of 3rd period - Slapshot by Alex Goligoski.
4:12 of 3rd period - Shot Misses the Net.
4:14 of 3rd period - Snap shot by Miro Aaltonen.
4:14 of 3rd period - Shot Misses the Net.
4:16 of 3rd period - Slapshot by Alex Goligoski.
4:16 of 3rd period - Shot Misses the Net.
4:18 of 3rd period - Wrist shot by Will Butcher.
4:18 of 3rd period - Shot Blocked by Brent Seabrook.
4:20 of 3rd period - Snap shot by Alex Goligoski.
4:20 of 3rd period - Shot Blocked by Brent Seabrook.
4:34 of 3rd period - Wrist shot by Miro Aaltonen.
4:34 of 3rd period - Stopped by Alex Nedeljkovic with a rebound.
4:36 of 3rd period - Snap shot by Blake Geoffrion.
4:36 of 3rd period - Shot Misses the Net.
4:40 of 3rd period - Snap shot by Miro Aaltonen.
4:40 of 3rd period - Stopped by Alex Nedeljkovic without a rebound.
4:41 of 3rd period - Patrice Bergeron wins face-off versus Quinton Howden in Lightning zone.
5:09 of 3rd period - Penalty to Brendan Lemieux is over, Brendan Lemieux is back on ice.
5:32 of 3rd period - Penalty to Evgeni Malkin is over, Evgeni Malkin is back on ice.
5:53 of 3rd period - Shea Weber is hit by Evgeni Malkin and loses puck.
6:06 of 3rd period - Wrist shot by Chris Bourque.
6:06 of 3rd period - Shot Blocked by Brent Seabrook.
6:08 of 3rd period - Slapshot by Cameron Gaunce.
6:08 of 3rd period - Deflect By Evgeni Malkin.
6:08 of 3rd period - Stopped by Alex Nedeljkovic with a rebound.
6:10 of 3rd period - Snap shot by Quinton Howden.
6:10 of 3rd period - Shot Misses the Net.
6:12 of 3rd period - Slapshot by Kris Versteeg.
6:12 of 3rd period - Stopped by Alex Nedeljkovic with a rebound.
6:14 of 3rd period - Slapshot by Shea Weber.
6:14 of 3rd period - Stopped by Alex Nedeljkovic with a rebound.
6:52 of 3rd period - Wrist shot by Ben Smith.
6:52 of 3rd period - Stopped by Viktor Fasth without a rebound.
6:53 of 3rd period - Patrice Bergeron wins face-off versus Daultan Leveillé in Panthers zone.
6:54 of 3rd period - Snap shot by Jimmy Vesey.
6:54 of 3rd period - Stopped by Viktor Fasth without a rebound.
6:55 of 3rd period - Daultan Leveillé wins face-off versus Brock Boeser in Panthers zone.
6:57 of 3rd period - Minor Penalty to Alexander Semin for High sticking.
6:58 of 3rd period - Daultan Leveillé wins face-off versus Yanni Gourde in Panthers zone.
7:10 of 3rd period - Wrist shot by Yanni Gourde.
7:10 of 3rd period - Deflect By Brendan Lemieux.
7:10 of 3rd period - Shot Hit the Post.
7:10 of 3rd period - Puck is out of play.
7:11 of 3rd period - Evgeni Malkin wins face-off versus Daultan Leveillé in Panthers zone.
7:55 of 3rd period - Off-side.
7:56 of 3rd period - Daultan Leveillé wins face-off versus Evgeni Malkin in neutral zone.
8:01 of 3rd period - Backhand shot by Alex Goligoski.
8:01 of 3rd period - Stopped by Alex Nedeljkovic with a rebound.
8:07 of 3rd period - Brian Flynn is hit by Kasperi Kapanen and loses puck.
8:22 of 3rd period - Wrist shot by Brendan Lemieux.
8:22 of 3rd period - Stopped by Viktor Fasth without a rebound.
8:23 of 3rd period - Daultan Leveillé wins face-off versus Yanni Gourde in Panthers zone.
8:49 of 3rd period - Icing by Kasperi Kapanen.
8:50 of 3rd period - Daultan Leveillé wins face-off versus Artemi Panarin in Lightning zone.
8:57 of 3rd period - Penalty to Alexander Semin is over, Alexander Semin is back on ice.
9:26 of 3rd period - Wrist shot by Evgeni Malkin.
9:26 of 3rd period - Deflect By Kasperi Kapanen.
9:26 of 3rd period - Shot Misses the Net.
9:26 of 3rd period - Puck is out of play.
9:27 of 3rd period - Yanni Gourde wins face-off versus Brian Flynn in Panthers zone.
9:30 of 3rd period - Wrist shot by Yanni Gourde.
9:30 of 3rd period - Shot Misses the Net.
9:44 of 3rd period - Niklas Hansson is hit by Michael Kostka and loses puck.
10:21 of 3rd period - Slapshot by Quinton Howden.
10:21 of 3rd period - Shot Misses the Net.
10:23 of 3rd period - Snap shot by Blake Geoffrion.
10:23 of 3rd period - Goal by Blake Geoffrion - Panthers : 4 - Lightning : 1.
10:24 of 3rd period - Evgeni Malkin wins face-off versus Brian Flynn in neutral zone.
10:51 of 3rd period - Snap shot by Ben Smith.
10:51 of 3rd period - Shot Blocked by Cameron Gaunce.
10:53 of 3rd period - Wrist shot by Ben Smith.
10:53 of 3rd period - Shot Misses the Net.
10:55 of 3rd period - Wrist shot by Yanni Gourde.
10:55 of 3rd period - Stopped by Viktor Fasth without a rebound.
10:56 of 3rd period - Brendan Lemieux wins face-off versus Miro Aaltonen in Panthers zone.
10:57 of 3rd period - Snap shot by Yanni Gourde.
10:57 of 3rd period - Shot Blocked by Kris Versteeg.
10:59 of 3rd period - Snap shot by Shayne Gostisbehere.
10:59 of 3rd period - Shot Blocked by Kris Versteeg.
11:01 of 3rd period - Wrist shot by Ben Smith.
11:01 of 3rd period - Shot Misses the Net.
11:03 of 3rd period - Snap shot by Brendan Lemieux.
11:03 of 3rd period - Stopped by Viktor Fasth without a rebound.
11:04 of 3rd period - Brian Flynn wins face-off versus Yanni Gourde in Panthers zone.
11:31 of 3rd period - Kris Versteeg is hit by Brent Seabrook and loses puck.
11:48 of 3rd period - Minor Penalty to Blake Geoffrion for Interference.
11:49 of 3rd period - Evgeni Malkin wins face-off versus Brian Flynn in Panthers zone.
12:20 of 3rd period - Brent Seabrook is hit by Daultan Leveillé and loses puck.
12:33 of 3rd period - Snap shot by Alexander Semin.
12:33 of 3rd period - Goal by Alexander Semin - Panthers : 5 - Lightning : 1.
12:34 of 3rd period - Brian Flynn wins face-off versus Evgeni Malkin in neutral zone.
12:47 of 3rd period - Slapshot by Artemi Panarin.
12:47 of 3rd period - Goal by Artemi Panarin - Panthers : 5 - Lightning : 2.
12:48 of 3rd period - Brian Flynn wins face-off versus Evgeni Malkin in neutral zone.
13:00 of 3rd period - Snap shot by Evgeni Malkin.
13:00 of 3rd period - Stopped by Viktor Fasth without a rebound.
13:01 of 3rd period - Evgeni Malkin wins face-off versus Brian Flynn in Panthers zone.
13:35 of 3rd period - Alex Goligoski is hit by Brendan Lemieux and loses puck.
13:52 of 3rd period - Snap shot by Daultan Leveillé.
13:52 of 3rd period - Stopped by Alex Nedeljkovic without a rebound.
13:53 of 3rd period - Alex Killorn wins face-off versus Daultan Leveillé in Lightning zone.
14:04 of 3rd period - Slapshot by John Carlson.
14:04 of 3rd period - Shot Blocked by Shea Weber.
16:00 of 3rd period - Wrist shot by Alex Killorn.
16:00 of 3rd period - Stopped by Viktor Fasth with a rebound.
16:15 of 3rd period - Off-side.
16:16 of 3rd period - Patrice Bergeron wins face-off versus Miro Aaltonen in neutral zone.
16:19 of 3rd period - Shea Weber is hit by Patrice Bergeron.
16:40 of 3rd period - Snap shot by Miro Aaltonen.
16:40 of 3rd period - Shot Blocked by Brock Boeser.
16:42 of 3rd period - Minor Penalty to Brock Boeser for Interference.
16:43 of 3rd period - Evgeni Malkin wins face-off versus Miro Aaltonen in Lightning zone.
17:37 of 3rd period - Snap shot by Quinton Howden.
17:37 of 3rd period - Goal by Quinton Howden - Panthers : 6 - Lightning : 2.
17:38 of 3rd period - Brian Flynn wins face-off versus Evgeni Malkin in neutral zone.
18:16 of 3rd period - Slapshot by Josh Jooris.
18:16 of 3rd period - Stopped by Alex Nedeljkovic with a rebound.
18:18 of 3rd period - Minor Penalty to Kasperi Kapanen for Boarding.
18:19 of 3rd period - Evgeni Malkin wins face-off versus Miro Aaltonen in Lightning zone.
18:54 of 3rd period - Wrist shot by Kris Versteeg.
18:54 of 3rd period - Shot Misses the Net.
Goals for this period are 3 for Panthers vs 1 for Lightning.
Shots for this period are 12 for Panthers vs 10 for Lightning.